 Dungeon Crawl Stone Soup version 0.23.2-33-g5129a83184 (webtiles) character file.

Game seed: 11875483417977733781

651 t4s4d4r the Insei (level 7, -4/46 HPs)
             Began as an Octopode Transmuter on July 16, 2019.
             Was an Initiate of Gozag.
             Killed by divine providence
             ... invoked by an orc priest
              (11 damage)
             ... on level 6 of the Dungeon.
             The game lasted 00:06:44 (5433 turns).

t4s4d4r the Insei (Octopode Transmuter)             Turns: 5433, Time: 00:06:45

Health: -4/46      AC:  2    Str:  9      XL:     7   Next: 53%
Magic:  4/10       EV: 21    Int: 17      God:    Gozag
Gold:   172        SH:  4    Dex: 15 (18) Spells: 4/10 levels left

rFire    . . .     SeeInvis .     - Unarmed
rCold    . . .     Gourm    .   (shield currently unavailable)
rNeg     . . .     Faith    .   (helmet currently unavailable)
rPois    x         Spirit   .   p - +4 amulet of reflection
rElec    .         Reflect  +   n - +2 ring of evasion
rCorr    .         Harm     .   (no ring)
MR       .....                  (no ring)
Stlth    +++.......             (no ring)
HPRegen  0.15/turn              (no ring)
MPRegen  0.12/turn              (no ring)
                                (no ring)
                                (no ring)

@: spider-form, very slightly contaminated
A: tiny, almost no armour, stealthy swim, (amphibious), 8 rings, (constrict 8)
a: End Transformation, Potion Petition, Call Merchant, Bribe Branch, Renounce
Religion


You were on level 6 of the Dungeon.
You worshipped Gozag.
Gozag was aware of your devotion.
You were not hungry.
You were a venomous arachnid creature.
You visited 2 branches of the dungeon, and saw 8 of its levels.

You collected 244 gold pieces.
You paid 72 gold pieces to Gozag.

Inventory:

Missiles
 a - 48 arrows
 h - 205 stones (quivered)
Armour
 l - a +0 shield
Jewellery
 n - a +2 ring of evasion (left front leg)
 p - a +4 amulet of reflection (around neck)
Scrolls
 g - a scroll of identify
 j - a scroll of random uselessness {unknown}
 k - a scroll of fear {unknown}
 m - a scroll of blinking {unknown}
 o - a scroll of enchant armour {unknown}
 r - a scroll of enchant weapon {unknown}
 s - a scroll of amnesia {unknown}
 u - a scroll of immolation {unknown}
Potions
 b - a potion of brilliance
 e - a potion of flight
 f - a potion of mutation
 t - a potion of lignification
Comestibles
 c - 12 rations


   Skills:
 - Level 3.0 Fighting
 - Level 2.0 Dodging
 - Level 4.0 Stealth
 + Level 6.0 Unarmed Combat
 - Level 2.0 Spellcasting
 - Level 4.6 Transmutations


You had 4 spell levels left.
You knew the following spells:

 Your Spells              Type           Power        Failure   Level  Hunger
a - Beastly Appendage     Tmut           ###...       11%         1    #......
b - Sticks to Snakes      Tmut           ###.....     13%         2    ###....
c - Spider Form           Tmut/Pois      #.........   43%         3    ###....

Your spell library contained the following spells:

 Spells                   Type           Power        Failure   Level  Hunger
 Ice Form                 Ice/Tmut       #.......     78%         4    #####..
 Blade Hands              Tmut           ###.......   82%         5    ######.


Dungeon Overview and Level Annotations

Branches:
Dungeon (7/15)             Temple (1/1) D:5

Altars:
Ashenzari
Dithmenos
Elyvilon
Gozag
Hepliaklqana
Kikubaaqudgha
Makhleb
Okawaru
Qazlal
Ru
Sif Muna
Trog
Uskayaw
Vehumet
Wu Jian
Xom


Innate Abilities, Weirdness & Mutations

You cannot wear most types of armour.
You are very stealthy in the water. (Stealth+)
((You are amphibious.))
You can wear up to eight rings at the same time.
((You can use your tentacles to constrict eight enemies at once.))
((Your skin changes colour to match your surroundings (Stealth+).))
((Your rubbery body absorbs attacks. (AC +1, EV +1)))


Message History

You climb upwards.
There is a stone staircase leading down here.
Casting: Beastly Appendage (safe; 3% risk of failure)
Confirm with . or Enter, or press ? or * to list all spells.
You miscast Spider Form.
You are very lightly contaminated with residual magic.
You feel slightly ill.
Casting: Spider Form (safe; 22% risk of failure)
Confirm with . or Enter, or press ? or * to list all spells.
You turn into a venomous arachnid creature.
The orc barely misses you.
The orc priest calls down the wrath of Beogh upon you.
Beogh smites you!
The orc shouts!
You barely miss the orc priest. The orc hits you with a +0 war axe!
* * * LOW HITPOINT WARNING * * *
The orc priest mumbles some strange prayers to Beogh against you.
Beogh smites you!
You die...
Your body crumbles into a pile of gold.

#...o #... #..o. #..#
#o... #..## ###5... ...
#(.o... #.. #...... #.###
#......
#...###......h.....
#os...+.....h......
#.#####.#o###.?..Po...#..
........#?# ###..oPo.#..
#.#######o######......# .
####.....##.....##
#........##.#####
#........# #.......o#
#.....o..o.


You could see an orc priest and 2 orcs.

Vanquished Creatures
  Sigmund (D:3)
  A sky beast (D:5)
  A scorpion (D:4)
  An orc wizard (D:4)
  An orc priest (D:5)
  An iguana (D:4)
  4 worker ants (D:4)
  5 adders
  3 gnolls (D:4)
  3 oozes (D:1)
  4 worms
  3 leopard geckos (D:2)
  10 orcs
  2 ball pythons (D:2)
  5 goblins
  7 hobgoblins
  8 kobolds
  2 quokkas
  7 bats
  4 frilled lizards
  7 rats
80 creatures vanquished.

Notes
Turn   | Place    | Note
-------+----------+-------------------------------------------
     0 | D:1      | t4s4d4r the Octopode Transmuter began the quest for the
                  | Orb.
     0 | D:1      | Reached XP level 1. HP: 13/13 MP: 3/3
    75 | D:1      | Reached XP level 2. HP: 13/18 MP: 5/5
   434 | D:1      | Reached skill level 4 in Unarmed Combat
   434 | D:1      | Reached XP level 3. HP: 17/23 MP: 6/6
   438 | D:1      | Learned a level 2 spell: Sticks to Snakes
   442 | D:1      | Learned a level 3 spell: Spider Form
  1479 | D:2      | Reached XP level 4. HP: 20/28 MP: 5/7
  1628 | D:2      | Reached skill level 5 in Unarmed Combat
  2311 | D:3      | Noticed Sigmund
  2710 | D:3      | Killed Sigmund
  2710 | D:3      | Reached XP level 5. HP: 22/33 MP: 5/8
  2710 | D:3      | Reached XP level 6. HP: 25/38 MP: 5/9
  2966 | D:3      | Found an iron altar of Okawaru.
  3063 | D:3      | Found a shattered altar of Ashenzari.
  3288 | D:4      | Reached skill level 1 in Stealth
  4043 | D:4      | Reached XP level 7. HP: 38/45 MP: 10/10
  4955 | D:5      | Entered Level 5 of the Dungeon
  4999 | D:5      | Found a staircase to the Ecumenical Temple.
  5201 | Temple   | Entered the Ecumenical Temple
  5235 | Temple   | Became a worshipper of Gozag Ym Sagoz the Greedy
  5359 | D:5      | Found a stormy altar of Qazlal.
  5388 | D:5      | Reached skill level 6 in Unarmed Combat
  5395 | D:5      | You fall through a shaft!
  5399 | D:6      | Found a bloodstained altar of Trog.
  5433 | D:6      | Killed from afar by an orc priest

Skill      XL: |  1  2  3  4  5  6  7 |
---------------+----------------------+-----
Unarmed Combat | 4 5 6 |  6.0
Transmutations | 4 |  4.6
Stealth        | 3 4 |  4.0
Fighting       | 2 3 |  3.0
Dodging        | |  2.0
Spellcasting   | |  2.0

Action                   |  1- 3 |  4- 6 |  7- 9 || total
-------------------------+-------+-------+-------++-------
Melee: Unarmed           |    77 |    88 |    49 ||   214
       Kick              |     5 |    13 |     4 ||    22
       Constrict         |    18 |    21 |     5 ||    44
       Tentacles         |     7 |    14 |     3 ||    24
       Punch             |     1 |     2 |       ||     3
Throw: Stone             |       |     4 |       ||     4
 Cast: Beastly Appendage |     4 |    13 |     4 ||    21
       Spider Form       |       |     1 |     4 ||     5
       Sticks to Snakes  |       |     1 |       ||     1
  Use: Scroll            |       |     4 |     5 ||     9
       Potion            |       |     2 |       ||     2
 Stab: Sleeping          |     7 |     5 |     2 ||    14
  Eat: Chunk             |     2 |     8 |     2 ||    12
       Ration            |       |       |     1 ||     1
Armor: Skin              |     6 |       |       ||     6
Dodge: Dodged            |    49 |    39 |    33 ||   121
Block: Other             |       |     5 |    10 ||    15
